 Dungeon Crawl Stone Soup version 0.20.1-1-g8b1a95d (webtiles) character file.

2121 equalderp2856 the Chopper (level 9, -8/69 HPs)
             Began as a Mummy Fighter on Oct 25, 2017.
             Mangled by a two-headed ogre
             ... wielding a +0 giant club
              (24 damage)
             ... on level 7 of the Dungeon.
             The game lasted 00:13:49 (8448 turns).

equalderp2856 the Chopper (Mummy Fighter)           Turns: 8448, Time: 00:13:50

Health: -8/69      AC: 11    Str: 19    XL:     9   Next: 8%
Magic:  12/12      EV:  8    Int: 11    God:
Gold:   217        SH:  9    Dex: 11    Spells: 12/12 levels left

rFire    x . .     SeeInvis .   a - +0 war axe
rCold    + . .     Gourm    .   c - +0 shield
rNeg     + + +     Faith    .   b - +0 scale mail
rPois    ∞         Spirit   .   i - +0 helmet
rElec    .         Reflect  .   (no cloak)
rCorr    .         Harm     .   (no gloves)
MR       +....                  e - +2 pair of boots {Stlth+}
Stlth    +.........             (no amulet)
Regen    0.3/turn               (no ring)
MPRegen  0.2/turn               (no ring)

@: no status effects
A: no food or potions, fire vulnerability, cold resistance 1, negative energy
resistance 3, torment resistance, unbreathing
a: no special abilities


You were on level 7 of the Dungeon.
You were not hungry.

You visited 1 branch of the dungeon, and saw 7 of its levels.
You also visited: Sewer.

You collected 367 gold pieces.
You spent 150 gold pieces at shops.

Inventory:

Hand Weapons
 a - a +0 war axe (weapon)
 v - a +1 spear of flaming
Armour
 b - a +0 scale mail (worn)
 c - a +0 shield (worn)
 e - a +2 pair of boots of stealth (worn)
 f - a +0 pair of boots
 i - a +0 helmet (worn)
Jewellery
 d - an uncursed ring of poison resistance {unknown}
 g - a cursed -2 ring of evasion {unknown}
 t - an uncursed ring of protection from fire {unknown}
Wands
 q - a wand of random effects (15/48)
 s - a wand of digging (9/24)
 u - a wand of confusion (32/48)
Scrolls
 h - a scroll of immolation {unknown}
 j - 3 scrolls of identify
 k - 2 scrolls of magic mapping
 l - a scroll of enchant armour {unknown}
 m - 2 scrolls of remove curse
 n - a scroll of noise {unknown}
 p - a scroll of recharging {unknown}
 r - a scroll of blinking {unknown}
Books
 o - a book of Maledictions

   Spells                             Type                      Level
   a - Corona                         Hexes                        1
   b - Ensorcelled Hibernation        Hexes/Ice                    2
   c - Confuse                        Hexes                        3
   d - Tukima's Dance                 Hexes                        3
   e - Dazzling Spray                 Conjuration/Hexes            3


   Skills:
 * Level 5.8 Fighting
 + Level 6.6 Axes
 + Level 4.9 Armour
 + Level 2.0 Dodging
 + Level 0.5 Stealth
 + Level 4.2 Shields
 * Level 2.4 Spellcasting


You had 12 spell levels left.
You didn't know any spells.

Dungeon Overview and Level Annotations

Branches:
Dungeon (7/15)             Temple (0/1) D:4

Altars:
Cheibriados
Gozag
Hepliaklqana
Beogh

Shops:
D:5 [


Innate Abilities, Weirdness & Mutations

You do not eat or drink.
Your flesh is vulnerable to fire.
You are immune to poison.
Your flesh is cold resistant. (rC+)
You are immune to negative energy. (rN+++)
You are immune to unholy pain and torment.
You can survive without breathing.


Message History

The two-headed ogre hits you with a giant club.
The two-headed ogre barely misses you.
You hit the two-headed ogre.
The two-headed ogre is moderately wounded.
The two-headed ogre hits you with a giant club!
The two-headed ogre barely misses you.
You hit the two-headed ogre.
The two-headed ogre is moderately wounded.
The two-headed ogre hits you with a giant club!!
The two-headed ogre hits you with a giant club.
* * * LOW HITPOINT WARNING * * *
You are too injured to fight recklessly!
You are too injured to fight recklessly!
Unknown command.
You open the door.
There is an open door here.
A hound comes into view.
The hound barks!
The two-headed ogre hits you with a giant club!!
You die...

##..#...#.#.#.#####.#
..$......###......#.#
..##...#.#.#.###.#(#
##.###.##.# #.#.# #.#
####.###.#.# #.#
#.......# ##'##
#####.### ##..O## ####.#
#....@# #....# #.......#
#.#.##
#.........###....#######
+.......................
#................#######
##.......#h.#.#..#
##.....##..#.#..#
##...###.......# #
##.##.#


You could see a two-headed ogre and a hound.

Vanquished Creatures
  Grinder (D:2)
  A sky beast (D:5)
  2 ogres (D:6)
  A centaur (D:5)
  A big kobold (Sewer)
  4 bullfrogs
  A gnoll sergeant (D:5)
  3 scorpions
  2 howler monkeys
  A bullfrog zombie (D:6)
  5 orc priests
  A gnoll shaman (D:5)
  3 hounds
  A jelly (D:4)
  A bullfrog skeleton (D:4)
  3 iguanas
  2 orc wizards
  6 worker ants
  A hound skeleton (D:4)
  A worker ant zombie (D:6)
  Robin (D:2)
  7 gnolls (D:5)
  9 adders
  2 river rats (Sewer)
  A shadow imp (D:5)
  2 adder skeletons
  6 worms
  A dart slug (D:6)
  5 leopard geckos
  10 orcs
  6 bats
  10 giant cockroaches
  11 hobgoblins
  7 jackals
  2 quokkas
  5 ball pythons
  3 frilled lizards
  16 goblins
  A jackal zombie (D:5)
  13 kobolds
  A leopard gecko skeleton (D:4)
  A quokka zombie (D:5)
  8 rats
169 creatures vanquished.

Notes
Turn   | Place    | Note
-------+----------+-------------------------------------------
     0 | D:1      | equalderp2856 the Mummy Fighter began the quest for the Orb.
     0 | D:1      | Reached XP level 1. HP: 18/18 MP: 1/1
   350 | D:1      | Reached XP level 2. HP: 24/24 MP: 2/2
   684 | D:1      | Reached skill level 2 in Axes
  1110 | D:2      | Reached XP level 3. HP: 21/29 MP: 3/3
  1198 | D:2      | Noticed Robin
  1229 | D:2      | Reached XP level 4. HP: 15/37 MP: 4/4
  1515 | D:2      | Killed Robin
  1887 | D:3      | Noticed Grinder
  1894 | D:3      | Paralysed by Grinder for 6 turns
  1916 | D:2      | Paralysed by Grinder for 6 turns
  1923 | D:2      | Killed Grinder
  1923 | D:2      | Reached skill level 3 in Axes
  1923 | D:2      | Reached XP level 5. HP: 18/42 MP: 5/5
  1923 | D:2      | Reached XP level 6. HP: 21/48 MP: 6/6
  2495 | D:3      | Reached skill level 4 in Axes
  2794 | D:4      | Found a roughly hewn altar of Beogh.
  2947 | D:4      | Reached XP level 7. HP: 39/54 MP: 7/7
  3106 | D:4      | Reached skill level 1 in Dodging
  3179 | D:4      | Found a staircase to the Ecumenical Temple.
  3389 | D:5      | Entered Level 5 of the Dungeon
  3467 | D:5      | Reached skill level 5 in Axes
  3599 | D:5      | Found a glowing drain.
  3619 | Sewer    | Entered a sewer
  3789 | Sewer    | Found a glowing silver altar of Zin.
  3908 | D:5      | HP: 2/55 [something (6)]
  4295 | D:5      | Found Faotij's Antique Armour Emporium.
  4305 | D:5      | Bought a pair of runed boots for 150 gold pieces
  4346 | D:5      | Reached XP level 8. HP: 53/61 MP: 8/8
  4784 | D:5      | Found an opulent altar of Gozag.
  4964 | D:5      | Reached skill level 5 in Fighting
  5561 | D:6      | Reached skill level 6 in Axes
  5674 | D:6      | HP: 2/62 [orc priest/divine providence (13)]
  6473 | D:6      | Found a snail-covered altar of Cheibriados.
  6663 | D:6      | Reached skill level 1 in Spellcasting
  7352 | D:6      | Reached XP level 9. HP: 40/69 MP: 12/12
  7516 | D:7      | Found a hazy altar of Hepliaklqana.
  8436 | D:7      | Noticed a two-headed ogre
  8448 | D:7      | Mangled by a two-headed ogre

Skill      XL: |  1  2  3  4  5  6  7  8  9 |
---------------+----------------------------+-----
Axes           | 2 3 4 5 6 |  6.6
Armour         | 3 4 |  4.9
Fighting       | 4 5 |  5.8
Shields        | 3 4 |  4.2
Dodging        | 1 2 |  2.0
Spellcasting   | 2 |  2.4
Stealth        | |  0.5

Action                   |  1- 3 |  4- 6 |  7- 9 || total
-------------------------+-------+-------+-------++-------
Melee: War axe           |   123 |   186 |   441 ||   750
  Use: Scroll            |       |       |     3 ||     3
Armor: Scale mail        |    85 |   102 |   236 ||   423
Dodge: Dodged            |    59 |    38 |   166 ||   263
Block: Shield            |    71 |    80 |   224 ||   375
